 Dungeon Crawl Stone Soup version 0.31-a0-236-g9a0961fb85 (webtiles) character file.

Game seed: 3925651342013758213

513 Iniera the Chopper (level 7, -1/51 HPs)
             Began as a Vampire Fighter on July 11, 2023.
             Slain by an orc
             ... wielding a +0 trident
              (4 damage)
             ... on level 5 of the Dungeon.
             The game lasted 00:03:51 (3024 turns).

Iniera the Chopper (Vampire Fighter)                Turns: 3024, Time: 00:03:52

Health: -1/51      AC: 10    Str: 17    XL:     7   Next: 0%
Magic:  7/7        EV:  9    Int: 17    God:
Gold:   204        SH:  0    Dex: 13    Spells: 6/6 levels left

rFire   . . .        c - +1 battleaxe
rCold   . . .        (shield currently unavailable)
rNeg    . . .        b - +0 scale mail
rPois   +            (no helmet)
rElec   .            i - +2 cloak
rCorr   .            (no gloves)
SInv    +            k - +0 pair of boots
Will    .....        (no amulet) Stlth
                     n - +6 ring of intelligence
HPRegen 0.48/turn    f - ring of poison resistance
MPRegen 0.10/turn

%: no passive effects
@: mighty, healing quickly
A: alive, fangs 3, see invisible, vampiric 2
a: Exsanguinate


You were on level 5 of the Dungeon.
You visited 1 branch of the dungeon, and saw 5 of its levels.

You collected 204 gold pieces.

Inventory:

Hand Weapons
 a - a +0 war axe
 c - a +1 battleaxe (weapon)
Missiles
 z - 4 curare-tipped darts
Armour
 b - a +0 scale mail (worn)
 i - a +2 cloak (worn)
 k - a +0 pair of boots (worn)
Jewellery
 f - a ring of poison resistance (right hand)
 n - a +6 ring of intelligence (left hand)
Wands
 m - a wand of paralysis (11)
Scrolls
 j - 2 scrolls of teleportation
Potions
 e - 2 potions of attraction
 g - 3 potions of haste {unknown}
 h - 2 potions of degeneration {unknown}
 l - a potion of resistance {unknown}
 o - a potion of lignification {unknown}
 q - a potion of berserk rage {unknown}


   Skills:
 - Level 2.8 Fighting
 * Level 6.8 Axes
 - Level 2.4 Armour
 - Level 2.6 Shields
 + Level 0.8 Invocations


You had 6 spell levels left.
You didn't know any spells.
Your spell library contained the following spells:

 Spells                   Type           Power      Damage    Failure   Level
 Beastly Appendage        Tmut           0%         N/A       61%         1
 Wereblood                Tmut           0%         N/A       75%         2
 Spider Form              Tmut/Pois      0%         N/A       93%         3


Dungeon Overview and Level Annotations

Branches:
Dungeon (5/15)
 Temple: D:4-7

Altars:
Kikubaaqudgha
Okawaru


Innate Abilities, Weirdness & Mutations

Your natural rate of healing is accelerated.
You have razor-sharp teeth.
You have supernaturally acute eyesight. (SInv)
You are afflicted with vampirism and can become a bat while bloodless.


Message History

You miss the adder. Your bite misses the adder. You slice the iguana!!
You kill the iguana!
You closely miss the orc priest. The adder bites you but does no damage.
The orc hits you but does no damage. The orc priest barely misses you.
The adder bites you but does no damage.
Your life force feels restored.
You slash the orc priest!
The orc priest is almost dead.
You barely miss the adder.
The orc hits you from afar with a +0 trident.
* * * LOW HITPOINT WARNING * * *
The orc priest closely misses you. The adder closely misses you.
The orc hits you but does no damage.
The orc priest calls down the wrath of Beogh upon you.
You struggle to resist.
The adder barely misses you.
You closely miss the orc priest.
The orc priest is almost dead.
You barely miss the adder. The adder barely misses you.
The orc hits you but does no damage.
The orc priest begins to cast a cantrip, but forgets the words!
You slash the orc priest!
You kill the orc priest!
You miss the adder. The adder closely misses you.
The orc hits you but does no damage. The adder bites you.
* * * LOW HITPOINT WARNING * * *
The orc barely misses you.
You have reached level 7!
You barely miss the adder. The adder bites you but does no damage.
The adder barely misses you.
The orc hits you from afar with a +0 trident.
* * * LOW HITPOINT WARNING * * *
The adder bites you but does no damage. The orc hits you with a +0 trident.
* * * LOW HITPOINT WARNING * * *
Things that are here:
a +0 club; a +0 mace; an orc corpse You barely miss the orc.
Your bite misses the orc. You closely miss the adder. The adder bites you.
* * * LOW HITPOINT WARNING * * *
The orc hits you with a +0 trident.
You die...

#.# .. ###### .# ......
#. ##. .......## .##....
.........# ##.......
..........# ###)o......
..........# ##..@.......
..........###.)S).......
..........[..##.........
...........####.........
...........# ##.......#
..........## ##.....##
.........## ##....#
........## ###.#
.......##


You could see an adder and an orc.

Vanquished Creatures
  An ogre (D:3)
  2 kobold brigands (D:3)
  An orc priest (D:5)
  2 iguanas
  Ijyb (D:3)
  3 gnolls (D:4)
  7 adders
  3 dart slugs (D:4)
  A worm (D:2)
  8 orcs
  7 ball pythons
  7 endoplasms
  6 goblins
  4 hobgoblins
  10 jackals
  A quokka (D:3)
  4 bats
  4 frilled lizards
  11 kobolds
  A rat (D:1)
84 creatures vanquished.

Vanquished Creatures (others)
  A human (D:3)
1 creature vanquished.

Grand Total: 85 creatures vanquished

Notes
Turn   | Place    | Note
-------+----------+-------------------------------------------
     0 | D:1      | Iniera the Vampire Fighter began the quest for the Orb.
     0 | D:1      | Reached XP level 1. HP: 17/17 MP: 1/1
    51 | D:1      | Reached skill level 2 in Axes
    57 | D:1      | Reached XP level 2. HP: 18/23 MP: 2/2
   602 | D:2      | Reached skill level 3 in Axes
   772 | D:2      | Gained mutation: You are afflicted with vampirism and can
                  | become a bat while bloodless. [Vampire growth]
   772 | D:2      | Reached XP level 3. HP: 28/28 MP: 3/3
  1209 | D:3      | Found an ancient bone altar of Kikubaaqudgha.
  1228 | D:3      | Reached skill level 4 in Axes
  1228 | D:3      | Reached XP level 4. HP: 31/34 MP: 4/4
  1246 | D:3      | Noticed Ijyb
  1251 | D:3      | Paralysed by Ijyb for 3 turns
  1258 | D:3      | Killed Ijyb
  1369 | D:3      | Noticed an ogre
  1381 | D:3      | Killed an ogre
  1382 | D:3      | Reached skill level 5 in Axes
  1382 | D:3      | Reached XP level 5. HP: 12/39 MP: 5/5
  1606 | D:3      | Noticed a human
  1608 | D:3      | Killed a human
  1714 | D:3      | Reached XP level 6. HP: 25/38 MP: 6/6
  1728 | D:3      | Reached skill level 6 in Axes
  2269 | D:4      | Found an iron altar of Okawaru.
  2965 | D:5      | Entered Level 5 of the Dungeon
  3022 | D:5      | Reached XP level 7. HP: 12/51 MP: 7/7
  3024 | D:5      | Slain by an orc

Illustrated notes

Levels and vault maps discovered:
D:1:      dpeg_arrival_simpleton_a, layout_basic
D:2:      layout_loops_cross, minmay_misc_feat_enclosed
D:3:      cheibrodos_thug_alley, layout_basic, tso_metal_star,
          tgw_kikubaaqudgha, uniq_ijyb
D:4:      layout_basic, mainiacjoe_overflow_six_doors_small,
          kennysheep_generic_room_8
D:5:      layout_cave_pods, uniq_duvessa

Skill      XL: |  1  2  3  4  5  6 |
---------------+-------------------+-----
Axes           | 2 3 4 5 6 |  6.8
Fighting       | |  2.8
Armour         | |  2.4
Shields        | |  2.6
Invocations    | |  0.8

Action                     |  1- 3 |  4- 6 |  7- 9 || total
---------------------------+-------+-------+-------++-------
  Melee: War axe           |    82 |   122 |       ||   204
         Bite              |    10 |    12 |       ||    22
         Battleaxe         |       |    41 |     2 ||    43
  Evoke: Wand              |       |     2 |       ||     2
    Use: Scroll            |     5 |     3 |       ||     8
         Potion            |       |     4 |       ||     4
   Stab: Paralysed         |       |     4 |       ||     4
 Armour: Scale mail        |    58 |   105 |     2 ||   165
  Dodge: Dodged            |    42 |    80 |     1 ||   123
  Block: Buckler           |    20 |    24 |       ||    44

Table legend: (Time is in decaauts)
 A = Elapsed time spent in this place.
 B = Non-inter-level travel time spent in this place.
 C = Inter-level travel time spent in this place.
 D = Time resting spent in this place.
 E = Time spent auto-exploring this place.
 F = Levels seen in this place.
 G = Mean time per level.
                   A        B        C        D        E       F      G
               +--------+--------+--------+--------+--------+-----+--------+
         Total |   3102 |   2997 |    105 |     33 |   2343 |   5 |  620.4 |
       Dungeon |   3102 |   2997 |    105 |     33 |   2343 |   5 |  620.4 |
               +--------+--------+--------+--------+--------+-----+--------+

Top non-repeatable levels by time:
     D:4: 1073 daAuts
     D:3: 726 daAuts
     D:2: 639 daAuts
     D:1: 597 daAuts
     D:5: 66 daAuts
